 Dungeon Crawl Stone Soup version 0.27-a0-1136-g0b992a5a9d (webtiles) character file.

Game seed: 7477784016082771966

168 HoaS the Bolt Thrower (level 5, -3/30 HPs)
             Began as a Kobold Hunter on May 5, 2021.
             Slain by Grinder (8 damage)
             ... on level 3 of the Dungeon.
             The game lasted 00:06:15 (3291 turns).

HoaS the Bolt Thrower (Kobold Hunter)               Turns: 3291, Time: 00:06:15

Health: -3/30      AC:  5    Str: 11    XL:     5   Next: 77%
Magic:  5/5        EV: 13    Int: 12    God:
Gold:   92         SH:  0    Dex: 15    Spells: 4/4 levels left

rFire    . . .     SeeInvis .   b - +0 short sword
rCold    . . .     Faith    .   (shield restricted)
rNeg     . . .     Spirit   .   j - +0 ring mail
rPois    .         Reflect  .   (no helmet)
rElec    .         Harm     .   (no cloak)
rCorr    .         Rampage  .   (no gloves)
Will     .....                  (no boots)
Stlth    ++........             (no amulet)
HPRegen  0.10/turn              (no ring)
MPRegen  0.09/turn              (no ring)

@: no status effects
A: small, no large weapons, nightstalker 3
a: no special abilities


You were on level 3 of the Dungeon.
You visited 1 branch of the dungeon, and saw 3 of its levels.

You collected 92 gold pieces.

Inventory:

Hand Weapons
 a - a +1 hand crossbow
 b - a +0 short sword (weapon)
Missiles
 d - 51 bolts
Armour
 j - a +0 ring mail (worn)
Scrolls
 e - 2 scrolls of identify {unknown}
 g - a scroll of acquirement {unknown}
 h - a scroll of noise {unknown}
 k - a scroll of immolation {unknown}
 l - a scroll of blinking {unknown}
Potions
 c - a potion of flight {unknown}
 f - 2 potions of lignification {unknown}
 i - a potion of might {unknown}
 m - a potion of magic {unknown}


   Skills:
 - Level 2.1 Fighting
 + Level 3.1 Short Blades
 * Level 6.6 Crossbows
 + Level 1.7 Armour
 - Level 2.4 Dodging
 - Level 1.3 Stealth


You had 4 spell levels left.
You didn't know any spells.
Your spell library was empty.

Dungeon Overview and Level Annotations

Branches:
Dungeon (3/15)

Altars:

Shops:
D:2 ?

Annotations:
D:3 Grinder


Innate Abilities, Weirdness & Mutations

You are small and have problems with some larger weapons.
You are completely attuned to the shadows.


Message History

You hit the orc.
The orc is heavily wounded.
The orc hits you with a +0 dagger.
You closely miss the orc.
The orc is heavily wounded.
The orc barely misses you.
You hit the orc.
The orc is severely wounded.
The orc closely misses you.
You hit the orc.
You kill the orc!
An orc comes into view. It is wielding a +0 falchion.
Things that are here:
a +0 dagger; a +0 leather armour; an orc corpse The orc shouts!
The orc hits you with a +0 falchion.
Grinder shouts!
You hear an angry hiss.
You hit the orc.
The orc is severely wounded.
You hit the orc.
You kill the orc!
Unknown command.
You hit Grinder.
Grinder is lightly wounded.
You hit Grinder.
Grinder is lightly wounded.
Grinder hits you.
You writhe in agony.
You barely miss Grinder.
Grinder is lightly wounded.
Grinder gestures at you. You resist with significant effort.
You barely miss Grinder.
Grinder is lightly wounded.
Grinder gestures at you. Pain shoots through your body!
* * * LOW HITPOINT WARNING * * *
You hit Grinder but do no damage.
Grinder is lightly wounded.
Grinder hits you!
You die...

#...# #...#
#### #...#
..###...##
#.#...)@.#
####<#.†..#5#
........!.#.#
..........#.#
......
........###..
.....#
........#
.....#
........#
..o.o# .....#
.....######


You could see Grinder.

Vanquished Creatures
  A water moccasin skeleton (D:3)
  7 adders (D:2)
  A worm (D:2)
  4 orcs (D:3)
  12 ball pythons
  4 endoplasms
  2 giant cockroaches (D:1)
  2 goblins (D:1)
  5 hobgoblins
  2 jackals (D:2)
  A quokka (D:1)
  6 bats
  2 frilled lizards (D:2)
  2 rats (D:1)
51 creatures vanquished.

Vanquished Creatures (others)
  A plant (D:3)
1 creature vanquished.

Grand Total: 52 creatures vanquished

Notes
Turn   | Place    | Note
-------+----------+-------------------------------------------
     0 | D:1      | HoaS the Kobold Hunter began the quest for the Orb.
     0 | D:1      | Reached XP level 1. HP: 12/12 MP: 1/1
   130 | D:1      | Reached skill level 5 in Crossbows
   201 | D:1      | Reached XP level 2. HP: 15/17 MP: 2/2
   254 | D:1      | Reached skill level 1 in Short Blades
   670 | D:1      | Reached XP level 3. HP: 20/21 MP: 3/3
  1067 | D:2      | Reached skill level 1 in Armour
  1098 | D:2      | Reached XP level 4. HP: 7/26 MP: 4/4
  1818 | D:2      | Found a faded altar of an unknown god.
  2044 | D:2      | Reached skill level 6 in Crossbows
  2079 | D:2      | Reached XP level 5. HP: 26/30 MP: 5/5
  2253 | D:2      | Found Naifyggoaj's Magic Scroll Shop.
  2735 | D:3      | Noticed Grinder
  2745 | D:3      | Paralysed by Grinder for 2 turns
  3291 | D:3      | Slain by Grinder

Illustrated notes

Levels and vault maps discovered:
D:1:      ncdulo_halloftheorcs, layout_loops_ring, st_stairs_11
D:2:      layout_basic, serial_shops, nicolae_shop_window_shopping,
          ebering_ecumenical_altar_hall, minmay_snake_closets
D:3:      layout_basic, serial_shops, nicolae_shop_overgrown_old_shop, shop,
          shop_fountains, shop, shop, uniq_grinder, uniq_terence

Skill      XL: |  1  2  3  4  5 |
---------------+----------------+-----
Crossbows      | 5 6 |  6.6
Short Blades   | 1 2 3 |  3.1
Armour         | 1 |  1.7
Fighting       | |  2.1
Dodging        | |  2.4
Stealth        | |  1.3

Action                   |  1- 3 |  4- 6 || total
-------------------------+-------+-------++-------
Melee: Short sword       |   100 |   109 ||   209
 Stab: Sleeping          |     6 |    10 ||    16
       Distracted        |       |     1 ||     1
Armor: Leather armour    |    13 |       ||    13
       Ring mail         |    25 |    28 ||    53
Dodge: Dodged            |    92 |    59 ||   151

Table legend: (Time is in decaauts)
 A = Elapsed time spent in this place.
 B = Non-inter-level travel time spent in this place.
 C = Inter-level travel time spent in this place.
 D = Time resting spent in this place.
 E = Time spent auto-exploring this place.
 F = Levels seen in this place.
 G = Mean time per level.
                   A        B        C        D        E       F      G
               +--------+--------+--------+--------+--------+-----+--------+
         Total |   3292 |   3128 |    164 |   1095 |   1612 |   3 | 1097.3 |
       Dungeon |   3292 |   3128 |    164 |   1095 |   1612 |   3 | 1097.3 |
               +--------+--------+--------+--------+--------+-----+--------+

Top non-repeatable levels by time:
     D:2: 1941 daAuts
     D:1: 1018 daAuts
     D:3: 333 daAuts
